 Dungeon Crawl Stone Soup version 0.27.1-1-g398f81649c (webtiles) character file.

Game seed: 13258775245162725220

776188 gRUR the Sniper (level 27, -2/179 HPs)
             Began as a Gnoll Conjurer on Sept 8, 2021.
             Was the Champion of Vehumet.
             Killed from afar by an orb of fire (15 damage)
             ... with a fireball
             ... on level 4 of the Realm of Zot on Sept 13, 2021.
             The game lasted 1 day 12:58:55 (95695 turns).

gRUR the Sniper (Gnoll Conjurer)               Turns: 95695, Time: 1 , 12:58:55

Health: -2/179     AC: 28    Str: 11    XL:     27
Magic:  43/56      EV: 17    Int: 42    God:    Vehumet [******]
Gold:   7014       SH: 20    Dex: 11    Spells: 2/67 levels left

rFire    + + +     SeeInvis +   Z - +7 dagger of the Present {distort, rCorr Str+5 Int+6}
rCold    + + .     Faith    .   G - +5 kite shield {AC+3}
rNeg     + + +     Spirit   .   R - +1 ring mail of Wu Jian's Castigation {Fly rF- rN+++}
rPois    +         Reflect  .   v - +2 helmet {SInv}
rElec    +         Harm     +   l - +2 cloak {Will+}
rCorr    +         Rampage  .   b - +1 pair of gloves "Piujul" {Harm rF+++ rCorr Str-2}
Will     ++++.     Rnd*Rage +   Y - +2 pair of boots {Stlth+}
Stlth    ++++++++..             a - amulet of Hyulolyr {RegenMP rF+ rC- MP+9 Int+10}
HPRegen  0.39/turn              q - ring "Guasewue" {Fly rPois rC++ Will+ Dex-3}
MPRegen  0.60/turn              f - ring "Gier" {rElec rF++ rN+ Dex+4 Slay-6}

@: unable to read, flying, studying 2 skills
A: fangs 1, strong nose, distributed training, berserk 1, clumsy 1, cold
resistance 1, dopey 1, frail 2, sense surroundings 1, screaming 2, evolution 1,
no potion heal 1, inability to read while threatened, MP-powered wands
}: 4/15 runes: serpentine, barnacled, slimy, silver
a: Renounce Religion


You were on level 4 of the Realm of Zot.
You worshipped Vehumet.
Vehumet was exalted by your worship.
You visited 12 branches of the dungeon, and saw 58 of its levels.
You visited 1 bazaar.
You also visited: Wizlab.

You collected 11571 gold pieces.
You spent 4557 gold pieces at shops.

Inventory:

Hand Weapons
 Z - the +7 dagger of the Present (weapon) {distort, rCorr Str+5 Int+6}
   (You found it on level 3 of the Lair of Beasts)

   It warps and distorts space around it, and may blink, banish, or inflict
   extra damage upon those it strikes.
   Unwielding it can cause banishment or high damage.
   Str:       It affects your strength (+5).
   Int:       It affects your intelligence (+6).
   rCorr:     It protects you from acid and corrosion.
Armour
 b - the +1 pair of gloves "Piujul" (worn) {Harm rF+++ rCorr Str-2}
   (You bought it in a shop in a bazaar)

   Str:       It affects your strength (-2).
   rF:        It renders you almost immune to fire.
   rCorr:     It protects you from acid and corrosion.
   Harm:      It increases damage dealt and taken.
 i - the +2 hat of the Bear Spirit {Spirit, +Rage rN+ Will++}
   (You bought it in a shop on level 3 of the Elven Halls)

   rN:        It protects you from negative energy.
   +Rage:     It lets you go berserk.
   Will:      It greatly increases your willpower.
 k - quicksilver dragon scales
 l - a +2 cloak of willpower (worn)
 v - a +2 helmet of see invisible (worn)
 G - a +5 kite shield of protection (worn)
 H - the +5 robe of Night {Dark Will+ SInv}
   (You bought it in a shop on level 2 of the Orcish Mines)

   It shrouds the wearer in darkness, reducing the range at which they can see
   and be seen by others.
   SInv:      It lets you see invisible.
   Will:      It increases your willpower.
 I - a +2 pair of boots of rampaging
 L - the +7 scale mail of Creativity {Fly rC++}
   (You found it on level 5 of the Depths)

   rC:        It greatly protects you from cold.
   Fly:       It grants you flight.
 R - the +1 ring mail of Wu Jian's Castigation (worn) {Fly rF- rN+++}
   (You found it on level 8 of the Dungeon)

   rF:        It makes you vulnerable to fire.
   rN:        It renders you almost immune to negative energy.
   Fly:       It grants you flight.
 X - the +9 chain mail "Usuif" {rC+ Int+5 Dex+3}
   (You found it on level 1 of the Crypt)

   Int:       It affects your intelligence (+5).
   Dex:       It affects your dexterity (+3).
   rC:        It protects you from cold.
 Y - a +2 pair of boots of stealth (worn)
Jewellery
 a - the amulet of Hyulolyr (around neck) {RegenMP rF+ rC- MP+9 Int+10}
   (You found it on level 5 of the Pits of Slime)

   [amulet of magic regeneration]

   It increases your rate of magic regeneration.
   Int:       It affects your intelligence (+10).
   rF:        It protects you from fire.
   rC:        It makes you vulnerable to cold.
   MP:        It affects your magic capacity (+9).
 f - the ring "Gier" (right hand) {rElec rF++ rN+ Dex+4 Slay-6}
   (You found it on level 3 of the Crypt)

   [ring of positive energy]

   Dex:       It affects your dexterity (+4).
   Slay:      It affects your accuracy & damage with ranged weapons and melee
   (-6).
   rF:        It greatly protects you from fire.
   rElec:     It insulates you from electricity.
   rN:        It protects you from negative energy.
 n - the ring "Kuelos" {rN+ Str+5 SInv}
   (You found it on level 3 of the Crypt)

   [ring of positive energy]

   Str:       It affects your strength (+5).
   rN:        It protects you from negative energy.
   SInv:      It lets you see invisible.
 o - the ring of the City {Wiz rElec rF+ Str+4 Slay+5}
   (You took it off a necromancer on level 1 of the Depths)

   [ring of wizardry]

   It improves your spell success rate.
   Str:       It affects your strength (+4).
   Slay:      It affects your accuracy & damage with ranged weapons and melee
   (+5).
   rF:        It protects you from fire.
   rElec:     It insulates you from electricity.
 q - the ring "Guasewue" (left hand) {Fly rPois rC++ Will+ Dex-3}
   (You took it off a deep elf death mage on level 3 of the Elven Halls)

   [ring of willpower]

   Dex:       It affects your dexterity (-3).
   rC:        It greatly protects you from cold.
   rPois:     It protects you from poison.
   Fly:       It grants you flight.
   Will:      It increases your willpower.
 z - the amulet of Xonuewe {RegenMP rC++ Will+ Str-4 Int+3}
   (You found it on level 5 of the Vaults)

   [amulet of magic regeneration]

   It increases your rate of magic regeneration.
   Str:       It affects your strength (-4).
   Int:       It affects your intelligence (+3).
   rC:        It greatly protects you from cold.
   Will:      It increases your willpower.
 E - an amulet of regeneration
 S - a +6 ring of intelligence
 W - the amulet of the Air {Inacc Air Fly rElec RMsl}
   (You found it on level 1 of the Snake Pit)

   [amulet of nothing]

   It reduces the accuracy of all your attacks.
   It enhances your air magic.
   rElec:     It insulates you from electricity.
   Fly:       It grants you flight.
   RMsl:      It protects you from missiles.
Wands
 e - a wand of polymorph (54)
 w - a wand of mindburst (20)
 y - a wand of acid (34)
 F - a wand of digging (12)
 M - a wand of iceblast (69)
 N - a wand of paralysis (43)
 P - a wand of flame (121)
Scrolls
 c - 24 scrolls of teleportation
 g - a scroll of enchant armour
 r - 10 scrolls of fear
 s - 10 scrolls of amnesia
 A - 13 scrolls of magic mapping
 B - 9 scrolls of immolation
 Q - a scroll of holy word
 T - a scroll of summoning
 V - 8 scrolls of fog
Potions
 d - 4 potions of mutation
 h - 2 potions of invisibility
 j - 5 potions of resistance
 m - 8 potions of curing
 x - 9 potions of lignification
 C - 5 potions of cancellation
 J - a potion of magic
 U - 3 potions of brilliance
Miscellaneous
 t - a lightning rod (4/4)
 D - a tin of tremorstones (2/2)
 K - a phial of floods
 O - a condenser vane (inert)


   Skills:
 + Level 20.2 Fighting
 + Level 20.2 Short Blades
 + Level 20.2 Long Blades
 + Level 20.2 Axes
 + Level 20.2 Maces & Flails
 + Level 20.2 Polearms
 + Level 20.2 Staves
 + Level 20.2 Slings
 + Level 20.2 Bows
 + Level 25.1 Crossbows
 + Level 20.2 Throwing
 + Level 20.2 Armour
 + Level 20.5 Dodging
 + Level 20.5 Stealth
 + Level 20.2 Shields
 + Level 20.2 Unarmed Combat
 + Level 20.6 Spellcasting
 + Level 18.5 Conjurations
 + Level 17.5 Hexes
 + Level 17.5 Summonings
 + Level 17.5 Necromancy
 + Level 17.5 Translocations
 + Level 17.5 Transmutations
 + Level 22.1 Fire Magic
 + Level 17.5 Ice Magic
 + Level 19.6 Air Magic
 + Level 17.5 Earth Magic
 + Level 17.5 Poison Magic
 + Level 21.7 Invocations
 + Level 20.2 Evocations


You had 2 spell levels left.
You knew the following spells:

 Your Spells              Type           Power      Damage    Failure   Level
a - Magic Dart            Conj           100%       1d8       0%          1
b - Fire Storm            Conj/Fire      60%        8d15      5%          9
c - Fulminant Prism       Conj/Hex       57%        3d25      0%          4
d - Iskenderun's Mystic   Conj/Tloc      100%       2d19      0%          4
e - Iron Shot             Conj/Erth      57%        9d11      1%          6
f - Fireball              Conj/Fire      60%        3d23      0%          5
g - Lightning Bolt        Conj/Air       58%        1d81      0%          5
h - Orb of Destruction    Conj           57%        9d17      1%          7
i - Passwall              Tmut/Erth      94%        N/A       0%          2
j - Ozocubu's Armour      Ice            100%       N/A       0%          3
k - Blink                 Tloc           N/A        N/A       0%          2
l - Polar Vortex          Ice            56%        N/A       17%         9
m - Maxwell's Capacitive  Air            59%        ∞         1%          8

Your spell library contained the following spells:

 Spells                   Type           Power      Damage    Failure   Level
 Animate Skeleton         Necr           100%       N/A       0%          1
 Apportation              Tloc           100%       N/A       0%          1
 Corona                   Hex            100%       N/A       0%          1
 Foxfire                  Conj/Fire      100%       2x1d9     0%          1
 Freeze                   Ice            100%       1d11      0%          1
 Pain                     Necr           100%       1d9       0%          1
 Sandblast                Erth           100%       2d20      0%          1
 Shock                    Conj/Air       100%       1d9       0%          1
 Sting                    Tmut/Pois      100%       1d8       0%          1
 Summon Small Mammal      Summ           100%       N/A       0%          1
 Ensorcelled Hibernation  Hex/Ice        100%       N/A       0%          2
 Poisonous Vapours        Pois/Air       100%       N/A       0%          2
 Searing Ray              Conj           100%       3d7       0%          2
 Slow                     Hex            100%       N/A       0%          2
 Static Discharge         Conj/Air       100%       N/A       0%          2
 Sublimation of Blood     Necr           56%        N/A       0%          2
 Wereblood                Tmut           100%       N/A       0%          2
 Call Canine Familiar     Summ           100%       N/A       0%          3
 Confusing Touch          Hex            100%       N/A       0%          3
 Conjure Flame            Conj/Fire      100%       6-21      0%          3
 Dazzling Flash           Conj/Hex       100%       N/A       0%          3
 Frozen Ramparts          Ice            100%       1d12      0%          3
 Gell's Gravitas          Tloc           56%        N/A       0%          3
 Ignite Poison            Fire/Tmut/Pois 100%       N/A       0%          3
 Inner Flame              Hex/Fire       100%       N/A       0%          3
 Lesser Beckoning         Tloc           56%        N/A       0%          3
 Mephitic Cloud           Conj/Pois/Air  100%       N/A       0%          3
 Portal Projectile        Hex/Tloc       100%       N/A       0%          3
 Spider Form              Tmut/Pois      56%        N/A       0%          3
 Stone Arrow              Conj/Erth      100%       3d13      0%          3
 Summon Guardian Golem    Hex/Summ       100%       N/A       0%          3
 Teleport Other           Tloc           100%       N/A       0%          3
 Vampiric Draining        Necr           56%        2d14      0%          3
 Animate Armour           Summ/Erth      100%       N/A       0%          4
 Animate Dead             Necr           56%        N/A       0%          4
 Cause Fear               Hex            56%        N/A       0%          4
 Hailstorm                Conj/Ice       100%       3d20      0%          4
 Ice Form                 Ice/Tmut       100%       N/A       0%          4
 Leda's Liquefaction      Hex/Erth       56%        N/A       0%          4
 Olgreb's Toxic Radiance  Pois           100%       N/A       0%          4
 Passage of Golubria      Tloc           N/A        N/A       0%          4
 Petrify                  Tmut/Erth      100%       N/A       0%          4
 Summon Lightning Spire   Summ/Air       100%       N/A       0%          4
 Bolt of Magma            Conj/Fire/Erth 58%        4d23      0%          5
 Freezing Cloud           Conj/Ice/Air   57%        6-21      0%          5
 Irradiate                Conj/Tmut      57%        3d32      0%          5
 Iskenderun's Battlesphe  Conj           100%       2d15      0%          5
 Lee's Rapid Deconstruct  Erth           56%        3d27*     0%          5
 Silence                  Hex/Air        57%        N/A       0%          5
 Yara's Violent Unravell  Hex/Tmut       56%        3d21      0%          5
 Agony                    Necr           100%       N/A       1%          5
 Alistair's Intoxication  Tmut/Pois      75%        N/A       1%          5
 Blade Hands              Tmut           56%        N/A       1%          5
 Borgnjor's Vile Clutch   Necr/Erth      56%        N/A       1%          5
 Manifold Assault         Tloc           100%       N/A       1%          5
 Metabolic Englaciation   Hex/Ice        56%        N/A       1%          5
 Summon Mana Viper        Hex/Summ       100%       N/A       1%          5
 Conjure Ball Lightning   Conj/Air       58%        3x3d21    1%          6
 Death Channel            Necr           56%        N/A       1%          6
 Dispersal                Tloc           56%        N/A       1%          6
 Eringya's Noxious Bog    Tmut/Pois      56%        N/A       1%          6
 Simulacrum               Ice/Necr       56%        N/A       1%          6
 Starburst                Conj/Fire      60%        6d16      1%          6
 Statue Form              Tmut/Erth      75%        N/A       1%          6
 Dragon Form              Tmut           56%        N/A       1%          7
 Haunt                    Necr/Summ      56%        N/A       1%          7
 Ozocubu's Refrigeration  Ice            56%        4d16      1%          7
 Spellforged Servitor     Conj/Summ      57%        N/A       1%          7
 Storm Form               Tmut/Air       57%        N/A       1%          7
 Summon Hydra             Summ           56%        N/A       1%          7
 Ignition                 Fire           62%        3d17      1%          8
 Lehudib's Crystal Spear  Conj/Erth      57%        10d13     1%          8
 Discord                  Hex            56%        N/A       4%          8
 Disjunction              Tloc           56%        N/A       4%          8
 Infestation              Necr           56%        N/A       4%          8
 Summon Horrible Things   Summ           56%        N/A       4%          8
 Shatter                  Erth           56%        3d42*     17%         9
 Death's Door             Necr           56%        N/A       54%         9
 Dragon's Call            Summ           56%        N/A       54%         9


Dungeon Overview and Level Annotations

Branches:
Dungeon (15/15)            Temple (1/1) D:6            Lair (6/6) D:10
 Shoals (4/4) Lair:3        Snake (4/4) Lair:3        Slime (5/5) Lair:5
    Orc (2/2) D:9             Elf (3/3) Orc:2        Vaults (5/5) D:14
  Crypt (3/3) Vaults:2       Tomb (0/3) Crypt:3      Depths (5/5) D:15
    Zot (5/5) Depths:5     WizLab (visited)

Altars:
Ashenzari
Cheibriados
Dithmenos
Elyvilon
Fedhas
Gozag
Hepliaklqana
Kikubaaqudgha
Makhleb
Nemelex Xobeh
Okawaru
Qazlal
Ru
Sif Muna
Trog
Uskayaw
Vehumet
Wu Jian
Xom
Yredelemnul
Zin
The Shining One
Lugonu

Shops:
D:1 [   D:12 ?   Orc:2 [([(   Elf:2 (   Elf:3 [   Snake:3 (   Snake:4 :=:
Vaults:2 (   Vaults:4 :   Depths:4 *

Portals:
Hell: Depths:1 Depths:2 Depths:3 Depths:4 Depths:5
Abyss: Shoals:2 Depths:1 Depths:3 Depths:4
Pandemonium: Depths:3
Ziggurat: Depths:4

Annotations:
Slime:3 Dissolution


Innate Abilities, Weirdness & Mutations

You have very sharp teeth.
Your uncanny sense of smell can sniff out nearby items.
Your experience applies equally to all skills.
You tend to lose your temper in combat.
You are clumsy. (Dex -2)
Your flesh is cold resistant. (rC+)
You are dopey. (Int -2)
You are very frail. (-20% HP)
You passively map a small area around you.
You frequently scream uncontrollably at your foes.
You evolve.
Potions are less effective at restoring your health.
You sometimes lose the ability to read scrolls when taking damage.
You expend magic power (3 MP) to strengthen your wands.


Message History

The bolt of fire hits you! You resist.
* * * LOW HITPOINT WARNING * * *
Casting: Polar Vortex (dangerous; 17% risk of failure)
Confirm with . or Enter, or press ? or * to list all spells.
You blink.
Casting: Blink (safe; 0% risk of failure)
Confirm with . or Enter, or press ? or * to list all spells.
You blink.
Casting: Blink (safe; 0% risk of failure)
Confirm with . or Enter, or press ? or * to list all spells.
You blink.
An ice dragon comes into view.
The ice dragon roars deafeningly!
The winds around you start to calm down.
You are engulfed in whirling frost.
Your system partially rejects the healing.
You feel better. The ice dragon breathes frost at you.
The blast of cold hits you. You resist.
* * * LOW HITPOINT WARNING * * *
The winds around you calm down.
Casting: Blink (safe; 0% risk of failure)
Confirm with . or Enter, or press ? or * to list all spells.
You blink.
There is an open door here.
Your system partially rejects the healing.
You feel better.
The orb of fire glows yellow.
The bolt of fire misses you.
You can read scrolls again.
The orb of fire glows yellow.
The bolt of fire hits you! You resist.
You feel threatened and lose the ability to read scrolls!
* * * LOW HITPOINT WARNING * * *
There is a stone staircase leading down here.
You can read scrolls again.
The orb of fire glows bright magenta.
The fireball explodes!
The fireball engulfs you! You resist.
You feel threatened and lose the ability to read scrolls!
You die...

#.#.........#####.##.......
#.#.........# #.##....... #
#.#####'##### #.##...⌠... # #.#
###.#########.###.....# # #.#
#.............# #.....#
#######.###.#.8.....8.#.# #.....#
.D...*........).......#.####...##
###########.............##.#...#
# #.#...@..........##.## #
###'#*........#.##.##.##
#########.............#.##.#(}[#
........'.....8.....8...##.#####
#########.............#.###'#####
#########.........#####.#..[.....
..................# #.#........
..................# #.#........
..................# #.#........


You could see an orb of fire.

Vanquished Creatures
  the Royal Jelly (Slime:5)
  A dread lich (Zot:5)
  2 orbs of fire (Zot:5)
  The ghost of Afrirr the Conqueror, a legendary DsFi of Jiyva (Zot:1)
  The ghost of Pax Tuynn the Cryomancer, a legendary GrIE of Zin (Zot:2)
  4 ancient liches
  Mennas (Crypt:3)
  Mara (Crypt:1)
  The ghost of Ukhopn the Black Belt, a legendary GnFE of Okawaru (Zot:2)
  The ghost of stpyramids the Champion of Chaos, a legendary DDFi of Makhleb (Zot:2)
  A juggernaut (Depths:1)
  The ghost of Ulecsuczon the Impregnable, a veteran MiGl of Hepliaklqana (Crypt:1)
  3 Killer Klowns (Zot:5)
  Bai Suzhen (Vaults:3)
  Vashnia (Snake:2)
  Saint Roka (Depths:5)
  3 caustic shrikes (Depths:2)
  3 curse toes
  18 golden dragons
  Jory (Vaults:5)
  2 profane servitors
  5 electric golems
  8 liches
  24 tentacled monstrosities
  11 Orb Guardians (Zot:5)
  3 deep elf master archers (Elf:3)
  6 titans
  7 quicksilver dragons
  22 acid blobs
  9 sphinxes
  3 deep elf blademasters
  Polyphemus (Shoals:3)
  Kirke (Lair:5)
  8 ancient champions
  6 death cobs
  13 shadow dragons
  20 storm dragons
  9 tengu reavers
  The ghost of Lakmaran the Severer, an adept DsBe of Trog (Shoals:1)
  11 draconian monks
  4 revenants
  Roxanne (Snake:2)
  16 rockslimes
  20 fire giants
  9 azure jellies
  6 draconian knights
  5 ghost moths
  16 nagarajas (Snake:4)
  7 deep elf sorcerers (Elf:3)
  8 draconian scorchers
  A caustic shrike zombie (Depths:4)
  15 frost giants
  16 vault wardens
  5 iron dragons
  5 draconian stormcallers
  A balrug (Depths:1)
  5 draconian shifters
  Aizul (Snake:4)
  4 curse skulls
  5 ghouls (Crypt:3)
  4 war gargoyles (Vaults:5)
  A reaper (Crypt:3)
  27 stone giants
  22 very ugly things
  2 deep elf elementalists (Elf:3)
  17 ironbound preservers
  13 quicksilver oozes
  4 draconian annihilators
  6 deep elf demonologists
  16 green draconians
  11 deep elf annihilators (Elf:3)
  10 black draconians
  2 entropy weavers
  21 red draconians
  14 vampire knights
  12 yellow draconians
  16 white draconians
  16 spark wasps
  3 dire elephants
  4 merfolk javelineers
  10 purple draconians
  21 ettins
  5 eidola
  2 pearl dragon zombies (Crypt:1)
  5 crystal guardians
  15 deep elf death magi
  16 yaktaur captains
  20 jiangshi
  5 merfolk impalers
  4 deep elf high priests
  20 fire dragons
  4 rakshasas
  3 salamander tyrants
  9 ironbound thunderhulks
  10 ice dragons
  14 great orbs of eyes
  28 vault guards
  20 naga warriors
  2 peacekeepers (Vaults:3)
  6 spriggan air magi
  2 boulder beetles
  8 hydras
  An ogre mage (Vaults:3)
  8 ironbound frosthearts
  Erica (D:10)
  5 catoblepae
  2 merfolk avatars
  4 centaur warriors
  6 death knights
  7 merfolk aquamancers
  5 alligator snapping turtles
  5 anacondas
  13 deep troll shamans
  4 satyrs
  7 two-headed ogres
  The ghost of FreshCat the Ripper, a journeyman FeBe of Trog (D:13)
  15 death yaks
  2 ironbound beastmasters
  2 titan zombies
  7 orc high priests
  34 dancing weapons
  3 hell hogs (Crypt:1)
  7 deep troll earth magi
  5 shock serpents
  A thrashing horror (Shoals:2)
  Urug (D:10)
  4 tengu warriors
  12 vampire magi
  17 deep elf knights
  Sonja (D:12)
  9 spriggan berserkers
  8 naga sharpshooters
  6 hell knights
  3 soul eaters
  A titan skeleton (Crypt:3)
  4 salamander mystics
  A sun demon (Depths:3)
  52 skeletal warriors
  9 iron trolls
  A sixfirhy (Vaults:2)
  A shadow wraith (Crypt:3)
  11 sea snakes
  A gelid demonspawn (Depths:3)
  A golden dragon zombie (Depths:4)
  A bog body (Crypt:3)
  8 naga ritualists
  8 glowing orange brains
  A swamp dragon (Zot:4)
  64 deep trolls
  3 flayed ghosts
  9 orc knights (Orc:2)
  A golden dragon skeleton (Crypt:3)
  8 phantasmal warriors
  6 deep elf archers
  23 ironbound convokers
  30 deep elf pyromancers
  A wolf spider zombie (D:15)
  Pikel (D:7)
  26 harpies
  An orange crystal statue (Vaults:4)
  7 necromancers
  4 shining eyes
  65 ugly things
  A spectral wolf spider (D:13)
  16 wizards
  A stone giant zombie (Crypt:2)
  10 mana vipers
  26 deep elf zephyrmancers
  10 cyclopes
  An iron dragon zombie (Crypt:1)
  8 orc sorcerers
  A wolf spider (Vaults:5)
  A salamander (shapeshifter) (Depths:2)
  6 oklob plants
  A mana viper (shapeshifter) (Depths:5)
  17 salamanders
  2 fire giant zombies
  2 frost giant zombies
  20 fauns
  7 merfolk sirens
  A black mamba (shapeshifter) (Depths:3)
  18 manticores
  31 moths of wrath
  2 iron dragon skeletons (Depths:3)
  A goliath frog skeleton (Crypt:2)
  8 guardian serpents
  A fire giant skeleton (Crypt:3)
  8 centaur zombies
  4 spectral centaurs (D:13)
  8 elephants
  4 apis skeletons (Crypt:1)
  2 torpor snails
  2 frost giant skeletons
  14 naga magi
  An apocalypse crab (Shoals:2)
  A rust devil (WizLab)
  19 vault sentinels
  A guardian serpent (shapeshifter) (Depths:2)
  A spectral iron troll (Crypt:2)
  23 black mambas
  10 water nymphs
  A torpor snail (shapeshifter) (Depths:3)
  An elf skeleton (Depths:4)
  3 unseen horrors
  A centaur skeleton (D:15)
  2 eyes of devastation
  Maggie (D:7)
  A gargoyle (D:14)
  13 cane toads
  5 smoke demons
  36 yaktaurs
  A spriggan zombie (Depths:3)
  Psyche (D:8)
  A hellion (Depths:2)
  A death yak zombie (Crypt:3)
  A komodo dragon (shapeshifter) (Depths:1)
  9 komodo dragons
  A yaktaur (shapeshifter) (Zot:3)
  A rime drake (Lair:5)
  A tormentor (Depths:3)
  12 freezing wraiths
  A catoblepas skeleton (Crypt:1)
  An iron troll zombie (Crypt:3)
  A yellow draconian skeleton (Crypt:2)
  3 spectral deep trolls (Crypt:2)
  2 hellwings
  A guardian mummy (Crypt:3)
  An ice devil (Depths:3)
  2 red devils (WizLab)
  8 trolls
  A merfolk (shapeshifter) (Zot:3)
  6 tengu conjurers
  A jumping spider (Vaults:2)
  28 merfolk
  2 polar bears
  A hydra zombie (Crypt:1)
  6 hornets
  7 wind drakes
  A jumping spider zombie (Crypt:2)
  Grinder (D:6)
  7 blink frogs (Lair:6)
  2 alligator zombies
  13 snapping turtles
  83 slime creatures
  7 dream sheep (Lair:5)
  2 ettin zombies (Crypt:1)
  14 flying skulls
  3 air elementals
  A centaur simulacrum (D:14)
  3 redbacks (Vaults:2)
  5 spriggans
  A shadow (D:12)
  2 vampires (Crypt:3)
  10 water elementals
  8 wyverns
  44 yaks
  A wind drake zombie (Crypt:3)
  A chaos spawn (Shoals:2)
  6 hogs (Lair:5)
  12 golden eyes
  9 wraiths
  10 basilisks
  A steam dragon (D:4)
  2 fire elementals
  5 vampire mosquitoes
  21 humans
  A neqoxec (WizLab)
  An acid dragon (shapeshifter) (Elf:1)
  5 wargs
  15 water moccasins
  An acid dragon (D:13)
  35 nagas
  A swamp worm (shapeshifter) (Elf:1)
  2 spatial vortices (Shoals:2)
  A floating eye (Depths:5)
  51 orc warriors
  3 black bears
  3 ice beasts
  A snapping turtle zombie (Crypt:3)
  3 sky beasts
  A black bear (shapeshifter) (Depths:3)
  2 necrophages
  A tengu (shapeshifter) (Depths:2)
  A snapping turtle skeleton (Crypt:2)
  9 ogres
  21 wolves
  18 centaurs
  A swamp dragon skeleton (Crypt:1)
  3 lemures (D:7)
  The ghost of Linguinho the Covered, an amateur GrFi (D:5)
  2 kobold brigands
  A palentonga zombie (Crypt:1)
  9 bullfrogs
  A yaktaur zombie (Crypt:1)
  2 gnoll sergeants
  An earth elemental (Elf:2)
  A glowing shapeshifter simulacrum (Depths:4)
  A scorpion (D:7)
  A hornet simulacrum (D:13)
  A water moccasin skeleton (Crypt:1)
  11 killer bees
  4 howler monkeys
  4 wights (D:5)
  2 electric eels
  A bullfrog zombie (D:5)
  5 hounds
  A small abomination (Shoals:2)
  30 orc priests
  14 jellies
  A bullfrog skeleton (D:4)
  A human skeleton (Crypt:3)
  3 iguanas
  18 orc wizards
  A dwarf skeleton (Crypt:2)
  An acid dragon skeleton (Crypt:2)
  3 hound skeletons
  12 mummies (Crypt:3)
  2 howler monkey zombies
  6 gnolls
  2 howler monkey skeletons (D:6)
  8 adders
  2 shadow imps
  2 white imps
  A worm zombie (Crypt:2)
  An adder skeleton (D:4)
  An iguana skeleton (Crypt:1)
  A worm (shapeshifter) (Depths:2)
  2 worms
  3 dart slugs
  97 orcs
  4 endoplasms
  6 giant cockroaches
  14 goblins
  7 hobgoblins
  3 jackals (D:5)
  5 quokkas
  13 ball pythons
  3 bats (D:1)
  2 frilled lizards (D:1)
  A frilled lizard zombie (Crypt:3)
  A gnoll skeleton (Crypt:2)
  7 kobolds
  A kobold zombie (Crypt:2)
  An orc skeleton (Crypt:1)
  6 rats
  A river rat skeleton (Crypt:1)
  A butterfly (Lair:3)
  6 fire vortices
  A fulminant prism (Vaults:1)
2626 creatures vanquished.

Vanquished Creatures (collateral kills)
  An ancient champion (Crypt:1)
  3 storm dragons (Zot:3)
  A deep elf sorcerer (Elf:3)
  2 draconian knights
  2 ghouls (Crypt:3)
  A stone giant (Depths:1)
  A green draconian (Zot:3)
  2 purple draconians
  A yellow draconian (Zot:3)
  A black draconian (Zot:3)
  A white draconian (Zot:1)
  A great orb of eyes (Depths:1)
  A rakshasa (Depths:1)
  2 ice dragons
  2 skeletal warriors
  An ugly thing (Depths:1)
  A dire elephant zombie (Crypt:3)
  A moth of wrath (Zot:2)
  A yaktaur (shapeshifter) (Depths:1)
26 creatures vanquished.

Vanquished Creatures (others)
  An Orb Guardian (Zot:5)
  A fire giant (Depths:3)
  A rakshasa (Depths:1)
  2 harpies (Shoals:3)
  A yaktaur (Vaults:5)
  An air elemental (Elf:3)
  An orc warrior (Orc:1)
  9 ball lightnings
  268 fire vortices
  485 fulminant prisms
  76 fungi
  316 plants
  12 tentacles
  5 withered plants
1179 creatures vanquished.

Grand Total: 3831 creatures vanquished

Notes
Turn   | Place    | Note
-------+----------+-------------------------------------------
     0 | D:1      | gRUR the Gnoll Conjurer began the quest for the Orb.
     0 | D:1      | Reached XP level 1. HP: 13/13 MP: 6/6
   169 | D:1      | Reached XP level 2. HP: 19/19 MP: 2/7
   172 | D:1      | Learned a level 2 spell: Searing Ray
   518 | D:1      | Found Wudineha's Antique Armour Shoppe.
   602 | D:1      | Reached XP level 3. HP: 25/25 MP: 7/9
   642 | D:1      | Reached skill level 5 in Spellcasting
   939 | D:2      | Reached skill level 1 in Invocations
  1099 | D:2      | Reached skill level 1 in Fighting
  1099 | D:2      | Reached skill level 1 in Short Blades
  1099 | D:2      | Reached skill level 1 in Long Blades
  1099 | D:2      | Reached skill level 1 in Axes
  1099 | D:2      | Reached skill level 1 in Maces & Flails
  1099 | D:2      | Reached skill level 1 in Polearms
  1099 | D:2      | Reached skill level 1 in Staves
  1099 | D:2      | Reached skill level 1 in Slings
  1099 | D:2      | Reached skill level 1 in Bows
  1099 | D:2      | Reached skill level 1 in Crossbows
  1099 | D:2      | Reached skill level 1 in Throwing
  1099 | D:2      | Reached skill level 1 in Armour
  1099 | D:2      | Reached skill level 1 in Shields
  1099 | D:2      | Reached skill level 1 in Unarmed Combat
  1099 | D:2      | Reached skill level 1 in Evocations
  1251 | D:2      | Found a faded altar of an unknown god.
  1414 | D:3      | Found a white marble altar of Elyvilon.
  1420 | D:3      | Reached XP level 4. HP: 32/32 MP: 3/11
  2006 | D:3      | Reached skill level 1 in Hexes
  2006 | D:3      | Reached skill level 1 in Summonings
  2006 | D:3      | Reached skill level 1 in Necromancy
  2006 | D:3      | Reached skill level 1 in Translocations
  2006 | D:3      | Reached skill level 1 in Transmutations
  2006 | D:3      | Reached skill level 1 in Fire Magic
  2006 | D:3      | Reached skill level 1 in Ice Magic
  2006 | D:3      | Reached skill level 1 in Air Magic
  2006 | D:3      | Reached skill level 1 in Earth Magic
  2006 | D:3      | Reached skill level 1 in Poison Magic
  2362 | D:4      | Reached XP level 5. HP: 37/37 MP: 8/12
  2561 | D:4      | Noticed an ogre
  2563 | D:4      | Noticed an ogre
  2568 | D:4      | Reached skill level 2 in Crossbows
  2568 | D:4      | Reached XP level 6. HP: 40/44 MP: 4/13
  2592 | D:4      | Reached skill level 5 in Dodging
  2671 | D:5      | Entered Level 5 of the Dungeon
  2739 | D:4      | Found a runed translucent gate.
  2739 | D:4      | Found a runed translucent gate.
  2739 | D:4      | Found a runed translucent gate.
  2758 | D:4      | Found an opulent altar of Gozag.
  2759 | D:4      | Noticed Linguinho's ghost (amateur GrFi)
  2759 | D:4      | Noticed a steam dragon
  2760 | D:4      | Noticed an orc warrior
  2776 | D:4      | Learned a level 4 spell: Fulminant Prism
  2785 | D:4      | Learned a level 4 spell: Iskenderun's Mystic Blast
  2885 | D:4      | Reached XP level 7. HP: 50/50 MP: 9/15
  2909 | D:4      | Noticed a yak
  2921 | D:4      | Killed a yak
  2922 | D:4      | Reached skill level 3 in Crossbows
  3145 | D:5      | Killed Linguinho's ghost
  3146 | D:5      | Reached skill level 5 in Stealth
  3431 | D:5      | Reached XP level 8. HP: 57/57 MP: 11/16
  3514 | D:4      | Reached skill level 4 in Crossbows
  4104 | D:5      | Reached skill level 5 in Crossbows
  4356 | D:6      | Noticed Grinder
  4366 | D:6      | Killed Grinder
  4367 | D:6      | Reached XP level 9. HP: 60/65 MP: 9/18
  4990 | D:6      | Reached skill level 6 in Crossbows
  5001 | D:6      | Learned a level 4 spell: Hailstorm
  5124 | D:6      | Found a staircase to the Ecumenical Temple.
  5142 | D:6      | Reached skill level 5 in Invocations
  5161 | Temple   | Entered the Ecumenical Temple
  5258 | Temple   | Became a worshipper of Vehumet
  6156 | D:8      | Noticed Psyche
  6166 | D:7      | Reached XP level 10. HP: 45/73 MP: 10/20
  6442 | D:7      | Noticed Pikel
  6447 | D:7      | Noticed Maggie
  6452 | D:7      | Killed Pikel
  6453 | D:7      | Reached skill level 5 in Fighting
  6453 | D:7      | Reached skill level 5 in Short Blades
  6453 | D:7      | Reached skill level 5 in Long Blades
  6453 | D:7      | Reached skill level 5 in Axes
  6453 | D:7      | Reached skill level 5 in Maces & Flails
  6453 | D:7      | Reached skill level 5 in Polearms
  6453 | D:7      | Reached skill level 5 in Staves
  6453 | D:7      | Reached skill level 5 in Slings
  6453 | D:7      | Reached skill level 5 in Bows
  6453 | D:7      | Reached skill level 7 in Crossbows
  6453 | D:7      | Reached skill level 5 in Throwing
  6453 | D:7      | Reached skill level 5 in Armour
  6453 | D:7      | Reached skill level 5 in Shields
  6453 | D:7      | Reached skill level 5 in Unarmed Combat
  6453 | D:7      | Reached skill level 5 in Evocations
  6492 | D:7      | Killed Maggie
  6808 | D:8      | Killed Psyche
  6944 | D:8      | Identified the +1 ring mail of Wu Jian's Castigation {Fly
                  | rF- rN+++}
  6987 | D:9      | Noticed a two-headed ogre
  6987 | D:9      | Noticed a boulder beetle
  6991 | D:8      | Reached * piety under Vehumet
  6991 | D:8      | Offered knowledge of Foxfire by Vehumet.
  7153 | D:8      | Noticed a two-headed ogre
  7158 | D:8      | Killed a two-headed ogre
  7564 | D:10     | Entered Level 10 of the Dungeon
  7592 | D:9      | Killed a two-headed ogre
  7593 | D:9      | Reached skill level 8 in Crossbows
  7594 | D:9      | Reached XP level 11. HP: 73/81 MP: 7/22
  7716 | D:9      | Reached skill level 5 in Hexes
  7716 | D:9      | Reached skill level 5 in Summonings
  7716 | D:9      | Reached skill level 5 in Necromancy
  7716 | D:9      | Reached skill level 5 in Translocations
  7716 | D:9      | Reached skill level 5 in Transmutations
  7716 | D:9      | Reached skill level 5 in Fire Magic
  7716 | D:9      | Reached skill level 5 in Ice Magic
  7716 | D:9      | Reached skill level 5 in Air Magic
  7716 | D:9      | Reached skill level 5 in Earth Magic
  7716 | D:9      | Reached skill level 5 in Poison Magic
  7987 | D:9      | Found a staircase to the Orcish Mines.
  8100 | D:8      | Learned a level 3 spell: Teleport Other
  8254 | D:8      | Noticed a cyclops
  8274 | D:8      | Killed a cyclops
  8500 | D:10     | Noticed Urug
  8544 | D:10     | Killed Urug
  8544 | D:10     | Offered knowledge of Shock by Vehumet.
  8595 | D:10     | Reached ** piety under Vehumet
  8902 | D:10     | Reached skill level 9 in Crossbows
  9393 | D:10     | Noticed a two-headed ogre
  9401 | D:10     | Killed a two-headed ogre
  9569 | D:10     | Found a staircase to the Lair.
  9570 | D:10     | Noticed Erica
  9583 | D:10     | Killed Erica
  9584 | D:10     | Reached XP level 12. HP: 84/89 MP: 7/24
  9801 | D:11     | Offered knowledge of Inner Flame by Vehumet.
  9809 | D:10     | Learned a level 3 spell: Inner Flame
 10381 | D:11     | Found a flagged portal.
 10493 | D:10     | Reached skill level 10 in Crossbows
 10530 | Lair:1   | Entered Level 1 of the Lair of Beasts
 10585 | Lair:1   | Identified the +3 spear "Joratam" {chaos, rElec rC+}
 10621 | Lair:1   | Reached *** piety under Vehumet
 10941 | Lair:2   | Noticed a death yak
 10941 | Lair:2   | Noticed a death yak
 10941 | Lair:2   | Noticed a death yak
 10941 | Lair:2   | Noticed a death yak
 10965 | Lair:1   | Killed a death yak
 11507 | Lair:1   | Found a broken altar of Ashenzari.
 12042 | Lair:2   | Noticed a five-headed hydra
 12069 | Lair:1   | Killed a death yak
 12072 | Lair:1   | Killed a death yak
 12387 | Lair:1   | Killed a death yak
 12387 | Lair:1   | Offered knowledge of Mephitic Cloud by Vehumet.
 12532 | Lair:1   | Learned a level 3 spell: Mephitic Cloud
 12644 | Lair:2   | Killed a five-headed hydra
 12679 | Lair:2   | Reached XP level 13. HP: 91/98 MP: 6/26
 12919 | Lair:2   | Reached skill level 11 in Crossbows
 12988 | Lair:2   | Learned a level 5 spell: Iskenderun's Battlesphere
 13043 | Lair:3   | Found a staircase to the Snake Pit.
 13887 | Lair:3   | Found a staircase to the Shoals.
 13988 | Lair:3   | Identified the +7 dagger of the Present {distort, rCorr
                  | Str+5 Int+6}
 13996 | Lair:3   | D1 runed scarf 216
 14203 | Lair:3   | Reached **** piety under Vehumet
 14204 | Lair:3   | Reached skill level 10 in Conjurations
 15001 | Lair:4   | Offered knowledge of Conjure Flame by Vehumet.
 15260 | Lair:4   | Found a basalt altar of Yredelemnul.
 15371 | Lair:4   | Reached skill level 10 in Spellcasting
 16048 | Lair:4   | Identified the +6 flail of Moderation {vorpal, rElec rC+
                  | Dex-2}
 16197 | Lair:6   | Entered Level 6 of the Lair of Beasts
 16236 | Lair:5   | Reached skill level 12 in Crossbows
 16242 | Lair:5   | Reached XP level 14. HP: 106/106 MP: 16/28
 16270 | Lair:5   | Learned a level 6 spell: Iron Shot
 16342 | Lair:5   | Reached skill level 10 in Dodging
 16489 | Lair:5   | Reached ***** piety under Vehumet
 16564 | Lair:5   | Offered knowledge of Lightning Bolt by Vehumet.
 16572 | Lair:5   | Learned a level 5 spell: Lightning Bolt
 16800 | Lair:5   | Found a staircase to the Slime Pits.
 16808 | Lair:5   | Reached skill level 10 in Stealth
 17154 | Lair:5   | Noticed Kirke
 17295 | Lair:5   | Killed Kirke
 17526 | Lair:6   | Reached skill level 10 in Invocations
 18964 | Lair:6   | Noticed a dire elephant
 19074 | Lair:6   | Killed a dire elephant
 19142 | Lair:6   | Got the Grimoire of the Escort
 19535 | Orc:1    | Entered Level 1 of the Orcish Mines
 19549 | Orc:1    | Reached skill level 13 in Crossbows
 19709 | Orc:2    | Entered Level 2 of the Orcish Mines
 20097 | Orc:2    | Offered knowledge of Conjure Ball Lightning by Vehumet.
 20126 | Orc:2    | Reached XP level 15. HP: 59/115 MP: 3/29
 20541 | Orc:2    | Learned a level 6 spell: Conjure Ball Lightning
 20704 | Orc:2    | Found a burning altar of Makhleb.
 20714 | Orc:2    | Found a staircase to the Elven Halls.
 21102 | Orc:2    | Offered knowledge of Starburst by Vehumet.
 21533 | Orc:2    | Reached skill level 10 in Fighting
 21533 | Orc:2    | Reached skill level 10 in Short Blades
 21533 | Orc:2    | Reached skill level 10 in Long Blades
 21533 | Orc:2    | Reached skill level 10 in Axes
 21533 | Orc:2    | Reached skill level 10 in Maces & Flails
 21533 | Orc:2    | Reached skill level 10 in Polearms
 21533 | Orc:2    | Reached skill level 10 in Staves
 21533 | Orc:2    | Reached skill level 10 in Slings
 21533 | Orc:2    | Reached skill level 10 in Bows
 21533 | Orc:2    | Reached skill level 10 in Throwing
 21533 | Orc:2    | Reached skill level 10 in Armour
 21533 | Orc:2    | Reached skill level 10 in Shields
 21533 | Orc:2    | Reached skill level 10 in Unarmed Combat
 21533 | Orc:2    | Reached skill level 10 in Evocations
 21590 | Orc:2    | Found Sigiw's Weapon Shoppe.
 21590 | Orc:2    | Found Hiddoq's Armour Shoppe.
 21591 | Orc:2    | Found Tor Nejo's Armour Emporium.
 21591 | Orc:2    | Found Koemu's Weapon Shoppe.
 22572 | Orc:2    | Bought the +5 robe of Night {Dark Will+ SInv} for 600 gold
                  | pieces
 22572 | Orc:2    | Found the +5 robe of Night {Dark Will+ SInv}
 22739 | D:11     | Identified a scroll of acquirement
 22739 | D:11     | Acquired 845 gold pieces
 23291 | D:12     | Noticed Sonja
 23296 | D:12     | Killed Sonja
 23445 | D:12     | Found Beirr's Magic Scroll Shop.
 23455 | D:12     | Bought a scroll of acquirement for 676 gold pieces
 23455 | D:12     | Bought a scroll of identify for 26 gold pieces
 23456 | D:12     | Acquired a +1 helmet of see invisible
 23874 | D:12     | Offered knowledge of Fireball by Vehumet.
 24850 | D:13     | Found a runed translucent gate.
 24850 | D:13     | Found a runed translucent gate.
 24850 | D:13     | Found a runed translucent gate.
 24870 | D:13     | Noticed FreshCat's ghost (journeyman FeBe)
 24899 | D:13     | Killed FreshCat's ghost
 24900 | D:13     | Reached skill level 14 in Crossbows
 24933 | D:13     | Learned a level 5 spell: Fireball
 25322 | D:13     | Identified the +1 acid dragon scales of the Pits of Slime
                  | {Harm rCorr Dex+4}
 25519 | D:14     | Offered knowledge of Ozocubu's Refrigeration by Vehumet.
 25523 | D:14     | Reached XP level 16. HP: 123/123 MP: 20/31
 25755 | D:14     | Found a gate to the Vaults.
 26494 | D:15     | Entered Level 15 of the Dungeon
 27904 | D:15     | Learned a level 3 spell: Ozocubu's Armour
 28450 | D:15     | Found a staircase to the Depths.
 28580 | D:12     | Bought a scroll of amnesia for 45 gold pieces
 28720 | Shoals:1 | Entered Level 1 of the Shoals
 29094 | Shoals:1 | Noticed a kraken
 29748 | D:1      | Bought a runed scarf for 216 gold pieces
 30747 | Shoals:1 | Found a runed translucent door.
 30749 | Shoals:1 | Noticed Lakmaran's ghost (adept DsBe)
 30945 | Shoals:1 | Killed Lakmaran's ghost
 30948 | Shoals:1 | Got the Almanac of Attacks and Ice
 30952 | Shoals:1 | Identified the +6 lajatang of Rud Zonutoe {elec, *Noise
                  | MP+9 SInv}
 31125 | Shoals:3 | Noticed Polyphemus
 31206 | Shoals:2 | Offered knowledge of Freezing Cloud by Vehumet.
 31208 | Shoals:2 | Reached skill level 15 in Crossbows
 31278 | Shoals:2 | Found a runed translucent door.
 31300 | Shoals:2 | Found a corrupted altar of Lugonu.
 31321 | Shoals:2 | Noticed a kraken
 31407 | Shoals:2 | Reached skill level 10 in Fire Magic
 31407 | Shoals:2 | Reached XP level 17. HP: 115/131 MP: 26/33
 31505 | Shoals:2 | Found a one-way gate to the infinite horrors of the Abyss.
 32787 | Shoals:3 | Killed Polyphemus
 33050 | Shoals:4 | Entered Level 4 of the Shoals
 33731 | Shoals:4 | Reached skill level 10 in Hexes
 33731 | Shoals:4 | Reached skill level 10 in Summonings
 33731 | Shoals:4 | Reached skill level 10 in Necromancy
 33731 | Shoals:4 | Reached skill level 10 in Translocations
 33731 | Shoals:4 | Reached skill level 10 in Transmutations
 33731 | Shoals:4 | Reached skill level 10 in Ice Magic
 33731 | Shoals:4 | Reached skill level 10 in Air Magic
 33731 | Shoals:4 | Reached skill level 10 in Earth Magic
 33731 | Shoals:4 | Reached skill level 10 in Poison Magic
 34182 | Shoals:4 | Offered knowledge of Ignition by Vehumet.
 35033 | Shoals:4 | Reached XP level 18. HP: 113/140 MP: 22/34
 35142 | Shoals:4 | Reached skill level 16 in Crossbows
 35444 | Shoals:4 | Got the Disquisition on Conjuration
 35615 | Shoals:4 | Got a barnacled rune of Zot
 36104 | Shoals:2 | Gained mutation: You are weak. (Str -2) [a shining eye]
 36368 | Snake:1  | Entered Level 1 of the Snake Pit
 36784 | Snake:1  | Learned a level 2 spell: Blink
 36804 | Snake:1  | Found the amulet of the Air {Inacc Air Fly rElec RMsl}
 37383 | Snake:2  | Identified Roxanne's Guide on the Mountains
 37383 | Snake:2  | Noticed Roxanne
 37446 | Snake:2  | Noticed Vashnia
 37612 | Snake:2  | Killed Vashnia
 38194 | Snake:2  | Reached ****** piety under Vehumet
 38957 | Snake:2  | Learned a level 8 spell: Ignition
 39476 | Snake:2  | Killed Roxanne
 39593 | Snake:2  | Found the +3 salamander hide armour {Flames rF++ rC--}
 40636 | Snake:3  | Offered knowledge of Fire Storm by Vehumet.
 40636 | Snake:3  | Offered knowledge of Polar Vortex by Vehumet.
 40636 | Snake:3  | Offered knowledge of Maxwell's Capacitive Coupling by
                  | Vehumet.
 40960 | Snake:3  | Found Amunut's Antique Weapon Emporium.
 41153 | Snake:3  | Reached XP level 19. HP: 147/147 MP: 4/36
 41620 | Snake:4  | Entered Level 4 of the Snake Pit
 42595 | Snake:4  | Noticed Aizul
 42609 | Snake:4  | Killed Aizul
 42610 | Snake:4  | Reached skill level 17 in Crossbows
 43860 | Snake:4  | Found Paushott's Book Shop.
 43860 | Snake:4  | Found Mugoseg's Jewellery Shoppe.
 43861 | Snake:4  | Found Zies's Book Shop.
 43874 | Snake:4  | Bought a book of the Spheres for 918 gold pieces
 43895 | Snake:4  | Learned a level 7 spell: Orb of Destruction
 44726 | Snake:4  | Found the +2 ratskin cloak {*Rats rPois rN+ Str-1 Int-1
                  | Dex+1}
 44883 | Snake:4  | Got a serpentine rune of Zot
 45473 | Vaults:1 | Entered Level 1 of the Vaults
 45753 | Vaults:2 | Found Uno Wos's Antique Weapon Emporium.
 45831 | Vaults:2 | Found a magical portal.
 45880 | WizLab   | Entered The Hall of the Hellbinder
 46243 | Vaults:1 | Acquired the amulet "Juulaphi" {Reflect rF+ Int+3 SH+5}
 46401 | Vaults:1 | Reached XP level 20. HP: 127/156 MP: 25/37
 47829 | Vaults:3 | Found a flickering gateway to a bazaar.
 47855 | Vaults:3 | Identified the +5 scythe "Babynik" {freeze, rF++ Will+
                  | Str-4 SInv}
 47986 | Bazaar   | Entered a bazaar
 47986 | Bazaar   | Found Womnid's General Store.
 47986 | Bazaar   | Found Hulocem's Distillery.
 48081 | Bazaar   | Found Duan's Assorted Antiques.
 48113 | Bazaar   | Found Dosm's Antique Armour Emporium.
 48121 | Bazaar   | Bought a pair of encrusted gloves for 389 gold pieces
 48121 | Bazaar   | Identified the +1 pair of gloves "Piujul" {Harm rF+++ rCorr
                  | Str-2} (You bought it in a shop in a bazaar)
 48191 | Bazaar   | Bought the amulet of Zarradir {Reflect Int+4 SH+5} for 499
                  | gold pieces
 48211 | Bazaar   | Bought a potion of magic for 112 gold pieces
 48219 | Bazaar   | Bought a scroll of amnesia for 91 gold pieces
 48800 | Vaults:2 | Reached skill level 18 in Crossbows
 49444 | Vaults:2 | Found a staircase to the Crypt.
 50696 | Vaults:3 | Reached XP level 21. HP: 164/164 MP: 23/39
 51453 | Vaults:3 | Noticed Bai Suzhen
 51454 | Vaults:3 | Reached skill level 15 in Invocations
 52229 | Vaults:3 | Learned a level 7 spell: Spellforged Servitor
 53526 | Vaults:4 | Found Qoros's Book Emporium.
 54292 | Vaults:4 | Reached skill level 19 in Crossbows
 54724 | Depths:1 | Entered Level 1 of the Depths
 55245 | Depths:1 | Found a broken altar of Ashenzari.
 55253 | Depths:1 | Reached skill level 15 in Spellcasting
 55319 | Depths:1 | Reached XP level 22. HP: 172/172 MP: 31/41
 56221 | Depths:1 | Found a hide-covered altar of Uskayaw.
 56269 | Depths:1 | Found a gateway to Hell.
 56276 | Depths:1 | Reached skill level 15 in Dodging
 56493 | Depths:2 | Identified the +2 spear of Byitajeg {vamp, Drain rPois
                  | Int+4}
 56581 | Depths:1 | Identified the ring of the City {Wiz rElec rF+ Str+4
                  | Slay+5}
 56594 | Depths:1 | Reached skill level 15 in Stealth
 56738 | Depths:1 | Noticed a juggernaut
 56752 | Depths:1 | Killed a juggernaut
 56784 | Depths:1 | Reached skill level 15 in Fire Magic
 57053 | Depths:1 | Identified the +2 pair of gloves "Epaus" {rElec Will- Dex+2
                  | Stlth+}
 57592 | Depths:2 | Identified the +8 demon blade of Salt {distort, rN++}
 57879 | Depths:2 | Identified the +5 chain mail of the Powerful Amoeba {+Blink
                  | rC+ Dex-4}
 58466 | Depths:2 | Noticed a golden dragon
 58474 | Depths:2 | Killed a golden dragon
 58491 | Depths:2 | Reached XP level 23. HP: 131/180 MP: 10/42
 58686 | Depths:2 | Reached skill level 20 in Crossbows
 58856 | Depths:2 | Noticed a caustic shrike
 58957 | Depths:2 | Reached skill level 15 in Fighting
 58957 | Depths:2 | Reached skill level 15 in Short Blades
 58957 | Depths:2 | Reached skill level 15 in Long Blades
 58957 | Depths:2 | Reached skill level 15 in Axes
 58957 | Depths:2 | Reached skill level 15 in Maces & Flails
 58957 | Depths:2 | Reached skill level 15 in Polearms
 58957 | Depths:2 | Reached skill level 15 in Staves
 58957 | Depths:2 | Reached skill level 15 in Slings
 58957 | Depths:2 | Reached skill level 15 in Bows
 58957 | Depths:2 | Reached skill level 15 in Throwing
 58957 | Depths:2 | Reached skill level 15 in Armour
 58957 | Depths:2 | Reached skill level 15 in Shields
 58957 | Depths:2 | Reached skill level 15 in Unarmed Combat
 58957 | Depths:2 | Reached skill level 15 in Evocations
 59075 | Depths:2 | Killed a caustic shrike
 59136 | Depths:2 | Noticed a golden dragon
 59151 | Depths:2 | Killed a golden dragon
 59348 | Depths:2 | Noticed a caustic shrike
 59352 | Depths:2 | Noticed a caustic shrike
 59354 | Depths:2 | Killed a caustic shrike
 59357 | Depths:2 | Killed a caustic shrike
 59564 | Depths:2 | Noticed a golden dragon
 59570 | Depths:2 | Killed a golden dragon
 59687 | Depths:2 | Identified the +5 hunting sling "Rutiovam" {flame, Int-4
                  | Dex+3 SInv Stlth+}
 60028 | Depths:2 | Noticed a golden dragon
 60039 | Depths:2 | Killed a golden dragon
 60254 | Depths:3 | Found a corrupted altar of Lugonu.
 60919 | Depths:3 | Noticed a golden dragon
 60924 | Depths:3 | Killed a golden dragon
 61193 | Depths:3 | Reached XP level 24. HP: 139/189 MP: 31/43
 61547 | Depths:3 | Got the Grimoire of Patterns
 61547 | Depths:3 | Got the Compendium of Venom and Malediction
 61770 | Depths:3 | Identified the ring "Likal" {rPois rF+ Will- Str+7}
 62408 | Depths:3 | Found a one-way gate leading to the halls of Pandemonium.
 62608 | Depths:5 | Entered Level 5 of the Depths
 62684 | Depths:4 | Found a gateway to a ziggurat.
 63290 | Depths:4 | Identified the +1 kite shield "Unofydil" {Harm Dex+3
                  | Stlth+}
 63565 | Depths:4 | Reached skill level 21 in Crossbows
 63871 | Depths:4 | Reached skill level 15 in Conjurations
 64277 | Depths:4 | Found Quntas's Pet Rocks.
 64306 | Depths:4 | Bought a wand of digging (6) for 360 gold pieces
 65165 | Depths:5 | Identified the +2 plate armour of Death Resistance {Contam
                  | +Blink Will+}
 65181 | Depths:5 | Got the Almanac of the Spatial Arsonist
 65202 | Depths:5 | Noticed Saint Roka
 65213 | Depths:5 | Killed Saint Roka
 65874 | Depths:5 | Identified the +7 scale mail of Creativity {Fly rC++}
 65897 | Depths:5 | Reached XP level 25. HP: 186/197 MP: 29/43
 67680 | Depths:5 | Found a gate to the Realm of Zot.
 68699 | Vaults:3 | Learned a level 8 spell: Maxwell's Capacitive Coupling
 68712 | Vaults:3 | Killed Bai Suzhen
 68796 | Vaults:5 | Entered Level 5 of the Vaults
 69659 | Vaults:5 | Reached skill level 22 in Crossbows
 69930 | Vaults:5 | Noticed an ancient lich
 69935 | Vaults:5 | Noticed Jory
 69938 | Vaults:5 | Killed an ancient lich
 70055 | Vaults:5 | Reached XP level 26. HP: 170/206 MP: 36/44
 70814 | Vaults:5 | Identified the ring of Dawn {+Blink rPois rC- Str+4}
 70817 | Vaults:5 | Got a silver rune of Zot
 70852 | Vaults:5 | Identified the +2 robe "Sadisogi" {rF++ Will+}
 71655 | Vaults:5 | Got Qyfull's Disquisition on Weightlessness and Poison
 71669 | Vaults:5 | Identified the amulet of Xonuewe {RegenMP rC++ Will+ Str-4
                  | Int+3}
 71852 | Vaults:5 | Acquired 725 gold pieces
 72064 | Vaults:5 | Got the Incunabulum of Changing and Hexes
 72083 | Vaults:5 | Identified the +2 robe of the Morning {+Blink}
 72289 | Vaults:5 | Killed Jory
 73090 | Slime:1  | Entered Level 1 of the Pits of Slime
 74946 | Slime:3  | Noticed Dissolution
 75005 | Slime:3  | Gained mutation: You sometimes lose the ability to read
                  | scrolls when taking damage. [a shining eye]
 75239 | Slime:3  | Lost mutation: You are weak. (Str -2) [potion of mutation]
 75239 | Slime:3  | Lost mutation: You sometimes lose the ability to read
                  | scrolls when taking damage. [potion of mutation]
 75239 | Slime:3  | Gained mutation: You occasionally shout uncontrollably at
                  | your foes. [potion of mutation]
 75239 | Slime:3  | Gained mutation: Your spells are a little easier to cast,
                  | but a little less powerful. [potion of mutation]
 75239 | Slime:3  | Gained mutation: Your mind is acute. (Int +2) [potion of
                  | mutation]
 76131 | Slime:4  | Reached XP level 27. HP: 215/215 MP: 38/44
 76286 | Slime:5  | Entered Level 5 of the Pits of Slime
 76803 | Slime:5  | Noticed the Royal Jelly
 76807 | Slime:5  | Killed the Royal Jelly
 76808 | Slime:5  | Reached skill level 23 in Crossbows
 76808 | Slime:5  | Reached skill level 15 in Hexes
 76808 | Slime:5  | Reached skill level 15 in Summonings
 76808 | Slime:5  | Reached skill level 15 in Necromancy
 76808 | Slime:5  | Reached skill level 15 in Translocations
 76808 | Slime:5  | Reached skill level 15 in Transmutations
 76808 | Slime:5  | Reached skill level 15 in Ice Magic
 76808 | Slime:5  | Reached skill level 15 in Air Magic
 76808 | Slime:5  | Reached skill level 15 in Earth Magic
 76808 | Slime:5  | Reached skill level 15 in Poison Magic
 77463 | Slime:5  | Got the Almanac of Damaging Darkness
 77464 | Slime:5  | Identified the amulet "Gowufiupn" {Faith Rampage +Inv
                  | rC+++}
 77474 | Slime:5  | Identified the +9 flail "Biolep" {drain, Dex+2}
 77514 | Slime:5  | Identified the amulet of Hyulolyr {RegenMP rF+ rC- MP+9
                  | Int+10}
 77517 | Slime:5  | Identified the +6 quarterstaff of Rubbish {freeze, rElec}
 77521 | Slime:5  | Got a slimy rune of Zot
 77536 | Slime:5  | Got the Papyrus of the Torrid Snowflakes
 77548 | Slime:5  | Identified the +4 shortbow "Sarcophage" {vorpal, Str+3
                  | Int+4}
 78133 | Elf:1    | Entered Level 1 of the Elven Halls
 78911 | Elf:1    | Acquired a +1 cloak of willpower
 78942 | Elf:1    | Learned a level 9 spell: Fire Storm
 79064 | Elf:1    | Found a shimmering blue altar of Sif Muna.
 79647 | Elf:2    | Identified the +0 chain mail "Oxaah" {Dex+4}
 79648 | Elf:2    | Found Ufiogo's Weapon Shoppe.
 79676 | Elf:3    | Entered Level 3 of the Elven Halls
 79799 | Elf:2    | Found a huge runed translucent gate.
 79799 | Elf:2    | Found a huge runed translucent gate.
 79799 | Elf:2    | Found a huge runed translucent gate.
 79799 | Elf:2    | Found a huge runed translucent gate.
 79799 | Elf:2    | Found a huge runed translucent gate.
 81034 | Elf:3    | Found Fevul's Armour Shoppe.
 81060 | Elf:3    | Bought the +2 hat of the Bear Spirit {Spirit, +Rage rN+
                  | Will++} for 625 gold pieces
 81060 | Elf:3    | Found the +2 hat of the Bear Spirit {Spirit, +Rage rN+
                  | Will++}
 81517 | Elf:3    | Identified the ring of Righ {rElec rC+ MP-9 Dex+8 Slay-6}
 82084 | Elf:3    | Identified the ring "Guasewue" {Fly rPois rC++ Will+ Dex-3}
 82140 | Elf:3    | Found the +10 Black Knight's barding {ponderous, rPois rN+}
 82170 | Elf:3    | Got Inoif's Grimoire of Glacial Poisoning
 82797 | Crypt:1  | Entered Level 1 of the Crypt
 82849 | Crypt:1  | Noticed Mara
 82859 | Crypt:1  | Noticed gRUR's illusion
 82865 | Crypt:1  | Killed Mara
 82939 | Crypt:1  | Found a runed translucent door.
 82944 | Crypt:1  | Noticed Ulecsuczon's ghost (veteran MiGl)
 82954 | Crypt:1  | Identified the +1 ring mail "Heuveb" {rF- Int+4 Slay+2}
 83111 | Crypt:1  | Acquired a book of Displacement
 83177 | Crypt:1  | Killed Ulecsuczon's ghost
 83689 | Crypt:1  | Identified the +9 chain mail "Usuif" {rC+ Int+5 Dex+3}
 83914 | Crypt:1  | Found a basalt altar of Yredelemnul.
 83989 | Crypt:1  | Learned a level 2 spell: Passwall
 84371 | Crypt:3  | Entered Level 3 of the Crypt
 85533 | Crypt:3  | Reached skill level 24 in Crossbows
 85930 | Crypt:3  | Noticed Mennas
 85954 | Crypt:3  | Killed Mennas
 86459 | Crypt:3  | Found a staircase to the Tomb.
 86775 | Crypt:3  | Found a basalt altar of Yredelemnul.
 86781 | Crypt:3  | Found an ancient bone altar of Kikubaaqudgha.
 86809 | Crypt:3  | Found the +13 scythe of Curses {drain, Drain}
 86827 | Crypt:3  | Got Vasios's Grimoire of the Earthen Birds
 86831 | Crypt:3  | Identified the +1 long sword "Pillun" {chaos, rPois rF-
                  | Int+3}
 86867 | Crypt:3  | Identified the ring "Kuelos" {rN+ Str+5 SInv}
 86867 | Crypt:3  | Identified the ring "Zicuecye" {rElec rPois rF- rN+ Dex-5}
 86867 | Crypt:3  | Identified the ring "Gier" {rElec rF++ rN+ Dex+4 Slay-6}
 86872 | Crypt:3  | Got Inukana's Last Volume of Boris
 87514 | Zot:1    | Entered Level 1 of the Realm of Zot
 89872 | Zot:2    | Found a runed translucent gate.
 89872 | Zot:2    | Found a runed translucent gate.
 89872 | Zot:2    | Noticed stpyramids's ghost (legendary DDFi)
 89873 | Zot:2    | Found a runed translucent gate.
 89873 | Zot:2    | Noticed Pax Tuynn's ghost (legendary GrIE)
 90259 | Zot:2    | Noticed Ukhopn's ghost (legendary GnFE)
 90260 | Zot:2    | Noticed Afrirr's ghost (legendary DsFi)
 90281 | Zot:2    | Killed Ukhopn's ghost
 90639 | Zot:1    | Killed Afrirr's ghost
 90834 | Zot:2    | Killed Pax Tuynn's ghost
 90967 | Zot:2    | Killed stpyramids's ghost
 91956 | Zot:3    | Identified the +1 hunting sling of the Asp {venom, MP+9
                  | Stlth+}
 93020 | Zot:3    | You are sucked into a shaft and drop 1 floor!
 93388 | Zot:5    | Entered Level 5 of the Realm of Zot
 93968 | Zot:4    | Identified the +7 battleaxe of Welfare {speed, rElec}
 94449 | Zot:4    | Learned a level 9 spell: Polar Vortex
 94662 | Zot:5    | Noticed an orb of fire
 94664 | Zot:5    | Gained mutation: You are weak. (Str -2) [an orb of fire]
 94672 | Zot:5    | Lost mutation: Your mind is acute. (Int +2) [an orb of
                  | fire]
 94673 | Zot:5    | Killed an orb of fire
 95136 | Zot:5    | Reached skill level 25 in Crossbows
 95366 | Zot:5    | Noticed an ancient lich
 95369 | Zot:5    | Killed an ancient lich
 95453 | Zot:5    | Noticed a dread lich
 95454 | Zot:5    | Noticed an ancient lich
 95456 | Zot:5    | Killed an ancient lich
 95458 | Zot:5    | Killed a dread lich
 95537 | Zot:5    | Noticed an ancient lich
 95540 | Zot:5    | Killed an ancient lich
 95562 | Zot:5    | Noticed an orb of fire
 95567 | Zot:5    | Killed an orb of fire
 95570 | Zot:5    | Noticed an orb of fire
 95573 | Zot:5    | Noticed an orb of fire
 95574 | Zot:5    | Noticed an orb of fire
 95574 | Zot:5    | Gained mutation: You expend magic power (3 MP) to
                  | strengthen your wands. [an orb of fire]
 95575 | Zot:5    | Noticed an orb of fire
 95580 | Zot:5    | Gained mutation: You are frail. (-10% HP) [an orb of fire]
 95580 | Zot:5    | Gained mutation: You tend to lose your temper in combat.
                  | [an orb of fire]
 95581 | Zot:5    | Gained mutation: You are occasionally teleported next to
                  | monsters. [an orb of fire]
 95584 | Zot:5    | Gained mutation: You are dopey. (Int -2) [an orb of fire]
 95586 | Zot:5    | Gained mutation: Your magical capacity is low. (-10% MP)
                  | [an orb of fire]
 95603 | Zot:5    | Noticed an orb of fire
 95604 | Zot:5    | Gained mutation: You sometimes lose the ability to read
                  | scrolls when taking damage. [an orb of fire]
 95605 | Zot:5    | Lost mutation: You tend to lose your temper in combat.
                  | [potion of mutation]
 95605 | Zot:5    | Lost mutation: Your magical capacity is low. (-10% MP)
                  | [potion of mutation]
 95605 | Zot:5    | Lost mutation: Your spells are a little easier to cast, but
                  | a little less powerful. [potion of mutation]
 95605 | Zot:5    | Gained mutation: Your flesh is cold resistant. (rC+)
                  | [potion of mutation]
 95607 | Zot:5    | Lost mutation: You are weak. (Str -2) [potion of mutation]
 95607 | Zot:5    | Lost mutation: You are occasionally teleported next to
                  | monsters. [potion of mutation]
 95607 | Zot:5    | Lost mutation: You are dopey. (Int -2) [potion of mutation]
 95607 | Zot:5    | Gained mutation: You evolve. [potion of mutation]
 95607 | Zot:5    | Noticed an ancient lich
 95641 | Zot:5    | Gained mutation: You passively map a small area around you.
                  | [an orb of fire]
 95643 | Zot:5    | Noticed an orb of fire
 95643 | Zot:5    | Gained mutation: You tend to lose your temper in combat.
                  | [an orb of fire]
 95644 | Zot:5    | Gained mutation: You frequently scream uncontrollably at
                  | your foes. [an orb of fire]
 95661 | Zot:5    | Paralysed by a Zot trap for 2 turns
 95661 | Zot:5    | Gained mutation: Potions are less effective at restoring
                  | your health. [an orb of fire]
 95664 | Zot:5    | HP: 10/201 [orb of fire/bolt of fire (14)]
 95668 | Zot:5    | Gained mutation: You are very frail. (-20% HP) [an orb of
                  | fire]
 95671 | Zot:4    | Gained mutation: You are clumsy. (Dex -2) [an orb of fire]
 95672 | Zot:4    | Gained mutation: You are dopey. (Int -2) [an orb of fire]
 95672 | Zot:4    | HP: 8/179 [orb of fire/bolt of fire (16)]
 95695 | Zot:4    | Killed from afar by an orb of fire

Illustrated notes

## #. #. ######### #.
.......@## ##
......#..### ########
#.
..##.......###......#
##
#.......##.##.....###.
##.###................
##.##....#.......##..
#........#.....#..#
#..................
##......#####..##..


Turn 13996 on Lair:3: D1 runed scarf 216

Levels and vault maps discovered:
D:1:      minmay_arrival_stair_chambers, layout_basic, serial_shops,
          shop_fountains, minmay_unequal
D:2:      layout_rooms, chequers_ecumenical_altar_lobes
D:3:      minmay_thinvault, layout_basic, elyvilon_altar_1
D:4:      minmay_chambers_of_twos, layout_cave_pools, ebering_ghost_gozag,
          minmay_manual_mandibuliform
D:5:      layout_loops_ring, st_stairs_14, supply_closet_lemuel
D:6:      layout_loops_ring, minmay_temple_entry_trees, uniq_grinder
D:7:      layout_basic, st_stairs_1, uniq_maggie, uniq_pikel
D:8:      layout_basic, uniq_psyche
D:9:      layout_rooms, orc_0_dummy
D:10:     layout_gridville, minmay_lair_entry_grove, serial_ice, serial_ice_a,
          serial_ice_j, serial_ice_h, serial_ice_d, hangedman_stone_soup,
          uniq_erica, uniq_urug
D:11:     layout_loops_ring, enter_bailey_5, kennysheep_generic_room_12
D:12:     layout_roguey [special_room_orc], serial_shops, nicolae_stop_n_shop_2,
          nrook_mini_vaults, skrybe_limestone_x, uniq_sonja
D:13:     layout_roguey, gammafunk_ghost_necromancy
D:14:     layout_small_grid, grunt_vaults_entry_tiered, st_stairs_12
D:15:     grunt_enter_depths_magical_seal, layout_gridville, minivault_11
Temple:   compressed_dpeg_circular_temple
Lair:1:   layout_long_grid, lemuel_centaur_altar
Lair:2:   layout_cave_shapes
Lair:3:   layout_loops_ring, elwin_shoals_entry_rocks,
          minmay_snake_entry_guardpost_small, chequers_serial_rivers_small_3,
          lemuel_fruit_fields, lemuel_fruit_fields, grunt_megastairs_4
Lair:4:   layout_gridlike, basic_altar, minmay_lair_oklob_chamber
Lair:5:   layout_misc_corridors, minmay_slime_entry_oklob_enclosed, uniq_kirke
Lair:6:   grunt_lair_end_beastmaster, layout_regular_city
Shoals:1: layout_shoals, gammafunk_ghost_grave, nicolae_shoals_land_atoll,
          abandoned_shop
Shoals:2: layout_shoals, nicolae_shoals_abyss_on_the_beach
Shoals:3: layout_shoals, uniq_polyphemus
Shoals:4: shoals_end_simple, layout_shoals, argonaut_gorgonesque
Snake:1:  layout_misc_corridors
Snake:2:  layout_grid_maze, hellmonk_guarded_unrand_salamander, uniq_roxanne,
          uniq_vashnia
Snake:3:  layout_cave_town, serial_shops, shop, nicolae_coiled_stairwell_up,
          grunt_megastairs_2
Snake:4:  grunt_snake_rune_spirals, layout_onion, minmay_shop_grove, uniq_aizul
Slime:1:  nicolae_slime_jelly_donut, layout_caves
Slime:2:  layout_caves
Slime:3:  layout_caves, uniq_dissolution
Slime:4:  layout_caves, nicolae_slime_welcoming_committee
Slime:5
Orc:1:    layout_caves
Orc:2:    st_orc_pillars, layout_diamond_mine, bloody_makhleb
Elf:1:    nicolae_elf_arrival_aired_out, layout_loops_corners, basic_altar,
          hangedman_corner_corridor, minivault_25_ag
Elf:2:    elven_hall_of_blades_hangedman_alternative
          [mumra_blade_entry_bloodbath], layout_gridlike, serial_shops,
          nicolae_shop_crystal, grunt_ministairs_3
Elf:3:    minmay_elf_hall_hex, layout_geoelf_grid, serial_shops, shop_fountains,
          lemuel_flamethrower_2
Vaults:1: hangedman_vaults_stretched_pinwheel, nicolae_vaults_asterisk,
          v_misc_27, vaults_dpeg_doors, grunt_vaults_funnel,
          nicolae_vaults_windows_and_doors_thing,
          nicolae_vaults_little_squares_2, v_misc_14,
          nicolae_vaults_little_squares_6, v_pattern_4, v_misc_11,
          layout_vaults_maze_bifur
Vaults:2: nicolae_vaults_inception_scallops, hangedman_vaults_snaps,
          nicolae_vaults_alarming, nicolae_vaults_stairing_the_circle,
          minmay_crypt_entry_simple_corners, hangedman_vaults_stream,
          hangedman_vaults_restitches, v_misc_3, vaults_dpeg_hooks,
          vaults_room_ringed_pool, layout_vaults_omnigrid, serial_shops,
          nicolae_square_shop, lightli_enter_wizlab_magi_temple
Vaults:3: hangedman_vaults_trim, v_rooms_5, nicolae_vaults_little_ls,
          vaults_room_door_ring, v_rooms_6, nicolae_vaults_display_case,
          nicolae_vaults_shelves_hall, vaults_standard_mumra_enter_the_diamond,
          nicolae_vaults_little_squares_4, grunt_vaults_hallway_long,
          v_pattern_2, layout_vaults_ring, serial_shops, bzr_in_the_mist,
          uniq_bai_suzhen
Vaults:4: hangedman_vaults_stretched_pinwheel, nicolae_vaults_triangles,
          nicolae_vaults_statue_guard, v_alt_pattern_2, grunt_vaults_twisty,
          vaults_room_octagon, grunt_vaults_diagonal, ontoclasm_vaults_twist,
          v_rooms_2, v_alt_pattern_6, v_misc_17, vaults_room_door_ring,
          nicolae_vaults_little_squares_4, ontoclasm_vaults_loading_screen,
          hangedman_vaults_capsules, nicolae_vaults_shelves_hall,
          layout_vaults_big_cross, serial_shops, nicolae_square_shop
Vaults:5: serial_shops, uniq_margery, uniq_jory
Crypt:1:  layout_catacombs, gammafunk_ghost_grave, hangedman_blasphemy,
          uniq_mara
Crypt:2:  layout_misc_corridors, skrybe_necro_troll_1
Crypt:3:  lightli_unholy_cathedral, layout_chaotic_city,
          nicolae_tomb_entry_unfolded_pyramid_orthogonal, uniq_mennas
Depths:1: kennysheep_green_arena, layout_long_grid, evilmike_ruin_ashenzari,
          lightli_too_deep, abyss_entry,
          nicolae_uskayaw_murder_on_the_dancefloor, grunt_megastairs_1
Depths:2: grunt_bent_corner, layout_basic, hellmouth_1
Depths:3: minmay_the_grid_4x2 [minmay_the_grid_small_cups,
          minmay_the_grid_artifice, minmay_the_grid_embedded,
          minmay_the_grid_paths, minmay_the_grid_empty,
          minmay_the_grid_odd_star, minmay_the_grid_large_cup,
          minmay_the_grid_prize_shrinking_boxes], layout_gridlike,
          abyss_entry_flame_altar, serial_rivers,
          chequers_serial_rivers_micro_b, chequers_serial_rivers_micro_e,
          chequers_serial_rivers_micro_d, chequers_serial_rivers_marsh,
          chequers_serial_rivers_micro_e, chequers_serial_rivers_room_b,
          rand_demon_pan_entry_7, hell_entry, minivault_21
Depths:4: minmay_imperfect_grid, layout_cross, enter_ziggurat_b, abyss_entry,
          hell_entry, chequers_serial_rivers_micro_a, guppyfry_shop_earth,
          serial_bayou_shore_b, infiniplex_staircase_diamond
Depths:5: grunt_runaround [grunt_runaround_doors_1, grunt_runaround_doors_2,
          grunt_runaround_doors_3, grunt_runaround_doors_4,
          grunt_runaround_zot], hell_entry, uniq_saint_roka
Zot:1:    layout_gridville, st_stairs_2
Zot:2:    layout_misc_corridors, gammafunk_ghost_cemetery, lemuel_elevator
Zot:3:    hangedman_zot_vaults_quadrants, layout_cathedral_of_symmetry
Zot:4:    kennysheep_oblong_rooms, layout_gridlike, st_stairs_1,
          st_large_dragon_hoard_1
Zot:5:    layout_misc_corridors, grunt_ministairs_5

Skill      XL: |  1  2  3  4  5  6  7  8  9 10 11 12 13 14 15 16 17 18 19 20 21 22 23 24 25 26 27 |
---------------+----------------------------------------------------------------------------------+-----
Spellcasting   | 5 6 7 8 9 10 11 12 13 14 15 16 17 20 | 20.6
Invocations    | 1 2 3 4 5 6 7 8 9 10 11 12 13 14 15 16 17 18 21 | 21.7
Fighting       | 1 2 3 4 5 6 7 8 9 10 11 12 13 14 15 16 17 20 | 20.2
Short Blades   | 1 2 3 4 5 6 7 8 9 10 11 12 13 14 15 16 17 20 | 20.2
Long Blades    | 1 2 3 4 5 6 7 8 9 10 11 12 13 14 15 16 17 20 | 20.2
Axes           | 1 2 3 4 5 6 7 8 9 10 11 12 13 14 15 16 17 20 | 20.2
Maces & Flails | 1 2 3 4 5 6 7 8 9 10 11 12 13 14 15 16 17 20 | 20.2
Polearms       | 1 2 3 4 5 6 7 8 9 10 11 12 13 14 15 16 17 20 | 20.2
Staves         | 1 2 3 4 5 6 7 8 9 10 11 12 13 14 15 16 17 20 | 20.2
Slings         | 1 2 3 4 5 6 7 8 9 10 11 12 13 14 15 16 17 20 | 20.2
Bows           | 1 2 3 4 5 6 7 8 9 10 11 12 13 14 15 16 17 20 | 20.2
Crossbows      | 1 2 3 5 6 8 9 10 12 13 14 15 16 17 18 19 20 21 22 25 | 25.1
Throwing       | 1 2 3 4 5 6 7 8 9 10 11 12 13 14 15 16 17 20 | 20.2
Armour         | 1 2 3 4 5 6 7 8 9 10 11 12 13 14 15 16 17 20 | 20.2
Shields        | 1 2 3 4 5 6 7 8 9 10 11 12 13 14 15 16 17 20 | 20.2
Unarmed Combat | 1 2 3 4 5 6 7 8 9 10 11 12 13 14 15 16 17 20 | 20.2
Evocations     | 1 2 3 4 5 6 7 8 9 10 11 12 13 14 15 16 17 20 | 20.2
Hexes          | 1 2 3 4 5 6 7 8 9 10 11 12 13 14 17 | 17.5
Summonings     | 1 2 3 4 5 6 7 8 9 10 11 12 13 14 17 | 17.5
Necromancy     | 1 2 3 4 5 6 7 8 9 10 11 12 13 14 17 | 17.5
Translocations | 1 2 3 4 5 6 7 8 9 10 11 12 13 14 17 | 17.5
Transmutations | 1 2 3 4 5 6 7 8 9 10 11 12 13 14 17 | 17.5
Fire Magic     | 1 2 3 4 5 6 7 8 10 11 12 13 14 15 16 17 18 22 | 22.1
Ice Magic      | 1 2 3 4 5 6 7 8 9 10 11 12 13 14 17 | 17.5
Air Magic      | 1 2 3 4 5 6 7 8 9 10 11 12 13 14 19 | 19.6
Earth Magic    | 1 2 3 4 5 6 7 8 9 10 11 12 13 14 17 | 17.5
Poison Magic   | 1 2 3 4 5 6 7 8 9 10 11 12 13 14 17 | 17.5
Dodging        | 5 6 7 8 9 10 11 12 13 14 15 16 17 20 | 20.5
Stealth        | 5 6 7 8 9 10 11 12 13 14 15 16 17 20 | 20.5
Conjurations   | 8 9 10 11 12 13 14 15 16 18 | 18.5

Action                   |  1- 3 |  4- 6 |  7- 9 | 10-12 | 13-15 | 16-18 | 19-21 | 22-24 | 25-27 || total
-------------------------+-------+-------+-------+-------+-------+-------+-------+-------+-------++-------
Melee: Hand axe          |     1 |       |       |       |       |       |       |       |       ||     1
       Unarmed           |     1 |       |       |       |       |       |       |       |       ||     1
       Bite              |       |       |       |       |     1 |     2 |       |     1 |     5 ||     9
       Spear             |       |       |       |       |     1 |       |       |       |       ||     1
       Dagger            |       |       |       |       |     3 |    20 |     1 |     5 |    17 ||    46
 Cast: Magic Dart        |    49 |    33 |    58 |    42 |   102 |    15 |       |       |       ||   299
       Searing Ray       |    11 |    21 |    63 |   102 |   198 |    96 |    34 |     3 |     1 ||   529
       Fulminant Prism   |       |       |     4 |    81 |   150 |   201 |    47 |       |     3 ||   486
       Iskenderun's Myst |       |       |     3 |    57 |    79 |    96 |    81 |    68 |   138 ||   522
       Teleport Other    |       |       |       |     1 |     1 |       |       |       |       ||     2
       Mephitic Cloud    |       |       |       |     1 |     1 |       |       |       |       ||     2
       Iskenderun's Batt |       |       |       |       |     8 |       |       |       |       ||     8
       Iron Shot         |       |       |       |       |   133 |   227 |    70 |    26 |   325 ||   781
       Lightning Bolt    |       |       |       |       |    12 |    22 |     8 |     5 |    20 ||    67
       Fireball          |       |       |       |       |     7 |    60 |   162 |   174 |   216 ||   619
       Conjure Ball Ligh |       |       |       |       |     3 |       |       |       |       ||     3
       Inner Flame       |       |       |       |       |     2 |     1 |     2 |       |       ||     5
       Ozocubu's Armour  |       |       |       |       |       |     2 |       |     1 |     5 ||     8
       Orb of Destructio |       |       |       |       |       |       |   155 |   210 |   309 ||   674
       Blink             |       |       |       |       |       |       |     1 |     3 |    16 ||    20
       Spellforged Servi |       |       |       |       |       |       |     4 |     1 |     2 ||     7
       Maxwell's Capacit |       |       |       |       |       |       |       |       |     5 ||     5
       Fire Storm        |       |       |       |       |       |       |       |       |   222 ||   222
       Polar Vortex      |       |       |       |       |       |       |       |       |     6 ||     6
Evoke: Wand              |       |       |       |     2 |     6 |    75 |    21 |    12 |    19 ||   135
       Condenser vane    |       |       |       |       |       |     1 |     1 |       |     2 ||     4
       Lightning rod     |       |       |       |       |       |       |    29 |    43 |    36 ||   108
       Phial of floods   |       |       |       |       |       |       |       |       |     2 ||     2
  Use: Scroll            |       |       |     5 |     3 |    25 |     8 |     9 |     3 |    26 ||    79
       Potion            |       |       |       |     3 |     1 |     9 |     2 |     7 |    27 ||    49
Armor: Robe              |       |       |    14 |    34 |    23 |     5 |       |       |       ||    76
       Leather armour    |       |       |       |       |    27 |     1 |       |       |       ||    28
       Ring mail         |       |       |       |       |    19 |   103 |    59 |    31 |    85 ||   297
       Scale mail        |       |       |       |       |       |       |       |       |    72 ||    72
Dodge: Dodged            |     3 |     4 |    44 |   105 |    87 |   179 |    99 |    61 |   193 ||   775
       Repelled          |       |       |       |       |       |     8 |    12 |       |     5 ||    25
Block: Kite shield       |       |       |       |    26 |   117 |   158 |       |    17 |   281 ||   599
       Buckler           |       |       |       |       |       |    18 |   106 |    44 |       ||   168
       Reflection        |       |       |       |       |       |     8 |    42 |     8 |     9 ||    67
